 Dungeon Crawl Stone Soup version 0.30-a0-263-ge22c4ad894 (webtiles) character file.

Game seed: 15508468176137165500

82 Anon1729 the Trooper (level 4, -6/36 HPs)
             Began as a Mummy Monk on Oct 13, 2022.
             Was a Priest of Lugonu.
             Mangled by an iguana (13 damage)
             ... on level 4 of the Dungeon.
             The game lasted 00:05:06 (3376 turns).

Anon1729 the Trooper (Mummy Monk)                   Turns: 3376, Time: 00:05:07

Health: -6/36      AC:  3    Str: 14    XL:     4   Next: 21%
Magic:  4/4        EV: 13    Int:  9    God:    Lugonu [***...]
Gold:   209        SH:  0    Dex: 16    Spells: 3/3 levels left

rFire   x . .      SeeInvis .    j - +2 dagger (venom)
rCold   + . .      Faith    +    (no shield)
rNeg    + + +      Spirit   .    b - +0 robe
rPois   ∞          Reflect  .    (no helmet)
rElec   .          Harm     .    v - +0 cloak
rCorr   .          Rampage  .    (no gloves)
Will    .....                    (no boots)
Stlth   ++........               c - amulet of the acrobat
HPRegen 0.26/turn                (no ring)
MPRegen 0.09/turn                (no ring)

@: no status effects
A: cold resistance 1, negative energy resistance 3, torment resistance 2, heat
vulnerability 1, in touch with death 1, no potions, faith
a: Renounce Religion, Depart the Abyss, Bend Space, Banish


You were on level 4 of the Dungeon.
You worshipped Lugonu.
Lugonu was most pleased with you.
You visited 1 branch of the dungeon, and saw 4 of its levels.

You collected 233 gold pieces.
You spent 24 gold pieces at shops.

Inventory:

Hand Weapons
 a - a +0 short sword
 g - a +0 short sword
 j - a +2 dagger of venom (weapon)
Missiles
 h - 11 stones (quivered)
 m - 2 javelins
 o - 5 curare-tipped darts
 p - 3 poisoned darts
 q - 5 atropa-tipped darts
Armour
 b - a +0 robe (worn)
 v - a +0 cloak (worn)
 w - a +0 buckler
Jewellery
 c - an amulet of the acrobat (around neck)
 n - an amulet of guardian spirit
Wands
 r - a wand of charming (8)
 x - a wand of iceblast (8)
Scrolls
 d - a scroll of fear {unknown}
 e - 2 scrolls of teleportation {unknown}
 i - a scroll of enchant armour {unknown}
 k - a scroll of immolation {unknown}
 l - 5 scrolls of identify
 s - a scroll of enchant weapon {unknown}
 t - a scroll of silence {unknown}
 u - a scroll of blinking {unknown}
Potions
 f - a potion of magic {unknown}


   Skills:
 + Level 3.6 Fighting
 + Level 2.9 Short Blades
 + Level 2.9 Dodging
 + Level 2.4 Stealth
 + Level 0.0 Invocations


You had 3 spell levels left.
You didn't know any spells.
Your spell library contained the following spells:

 Spells                   Type           Power      Damage    Failure   Level
 Blink                    Tloc           0%         N/A       52%         2
 Momentum Strike          Conj/Tloc      0%         3d8       52%         2
 Lesser Beckoning         Tloc           0%         N/A       77%         3


Dungeon Overview and Level Annotations

Branches:
Dungeon (4/15)
 Temple: D:4-7

Altars:
Hepliaklqana
Lugonu

Shops:
D:2 *?:


Innate Abilities, Weirdness & Mutations

You are immune to poison.
Your flesh is cold resistant. (rC+)
You are immune to negative energy. (rN+++)
You are immune to unholy pain and torment.
You are vulnerable to heat. (rF-)
You are in touch with the powers of death.
You do not drink.
You have a special connection with the divine. (Faith)


Message History

No target in view!
No target in view!
No target in view!
No target in view!
No target in view!
No target in view!
You see here a +0 dagger.
Found a stone staircase leading down.
You open the door.
There is an open door here.
You open the door.
There is an open door here.
You now have 209 gold pieces (gained 15).
There is an open door here.
You open the door.
There is an open door here.
You open the door.
An iguana comes into view.
An iguana is nearby!
The iguana hisses angrily.
You hit the iguana but do no damage. The iguana bites you!
You barely miss the iguana. The iguana barely misses you.
You closely miss the iguana. The iguana bites you.
You hit the iguana but do no damage.
The iguana is poisoned.
You hit the iguana but do no damage.
The iguana looks even sicker.
The iguana barely misses you.
You hit the iguana but do no damage.
The iguana looks as sick as possible!
The iguana is lightly wounded.
The iguana bites you.
You hit the iguana.
The iguana looks as sick as possible!
The iguana is heavily wounded.
The iguana bites you!
* * * LOW HITPOINT WARNING * * *
You are too injured to fight recklessly!
You are too injured to fight recklessly!
You are too injured to fight recklessly!
You are too injured to fight recklessly!
You are too injured to fight recklessly!
The iguana attacks as you move away! The iguana bites you!
You die...

.#.#############...#########.###.
.#.# #...# #...... .#.# #...#
#####.. .#.# #...# #.# #.. .#.#
#...# #!# ### .#.#
.########...########.# #
.#.####........#...#........#####
........########.!.########....#.
........# #@..# ####... ........#
#l..# #... ........# #...# #...
.O......# #...# #... #<......#
#...# ##.. ######.## ....# #.. .#
.#### ### # .


You could see an iguana (extremely poisoned).

Vanquished Creatures
  2 adders (D:2)
  A dart slug (D:1)
  An orc (D:3)
  An endoplasm (D:1)
  3 giant cockroaches
  12 goblins
  6 hobgoblins
  7 jackals (D:3)
  2 quokkas
  5 ball pythons
  3 bats (D:1)
  A frilled lizard (D:1)
  6 kobolds
  3 rats
53 creatures vanquished.

Vanquished Creatures (others)
  4 fungi (D:3)
  4 plants (D:3)
8 creatures vanquished.

Grand Total: 61 creatures vanquished

Notes
Turn   | Place    | Note
-------+----------+-------------------------------------------
     0 | D:1      | Anon1729 the Mummy Monk began the quest for the Orb.
     0 | D:1      | Reached XP level 1. HP: 18/18 MP: 1/1
   211 | D:1      | Reached XP level 2. HP: 19/24 MP: 2/2
   745 | D:1      | Gained mutation: You are in touch with the powers of death.
                  | [Mummy growth]
   745 | D:1      | Reached XP level 3. HP: 29/29 MP: 3/3
  1174 | D:2      | Found Liong's Book Shoppe.
  1367 | D:2      | Found Gisos's Magic Scroll Shop.
  1375 | D:2      | Bought a scroll of identify for 24 gold pieces
  1575 | D:2      | Found Ruhat's General Store.
  2008 | D:3      | Reached XP level 4. HP: 35/35 MP: 4/4
  2400 | D:3      | Found a faded altar of an unknown god.
  2430 | D:3      | Prayed at the altar of an unknown god.
  2430 | D:3      | Became a worshipper of Lugonu the Unformed
  2430 | D:3      | Reached * piety under Lugonu
  2430 | D:3      | Reached ** piety under Lugonu
  2430 | D:3      | Reached *** piety under Lugonu
  3001 | D:4      | Noticed an ogre
  3057 | D:4      | Found a hazy altar of Hepliaklqana.
  3376 | D:4      | Mangled by an iguana

Illustrated notes

Levels and vault maps discovered:
D:1:      kennysheep_arrival_seaside, layout_loops_cross
D:2:      layout_loops_corners, serial_shops, shop, nicolae_shop_hallway_plus,
          shop
D:3:      layout_loops_corners, shapermc_ecumenical_altar_mp_urbaneastern
D:4:      layout_basic, nicolae_overflow_crystal_walls,
          nicolae_wu_jian_wuxing_cycle, serial_co_window_serial,
          co_window_of_opportunity_a, co_window_corner_a, co_window_paths_a,
          co_window_of_opportunity_a, co_window_paths_b, co_window_paths_a,
          co_window_paths_a, co_window_broadway_b, co_window_paths_c,
          co_window_broadway_c, co_window_broadway_b, co_window_paths_e,
          glass_columns_a, glass_columns_b, glass_columns_c, glass_columns_c

Skill      XL: |  1  2 |
---------------+-------+-----
Stealth        | 2 |  2.4
Fighting       | |  3.6
Short Blades   | |  2.9
Dodging        | |  2.9

Action                   |  1- 3 |  4- 6 || total
-------------------------+-------+-------++-------
Melee: Short sword       |    64 |       ||    64
       Dagger            |    75 |    39 ||   114
       Punch             |       |     1 ||     1
Throw: Stone             |     2 |       ||     2
 Stab: Sleeping          |     6 |     3 ||     9
Armor: Robe              |    29 |     2 ||    31
Dodge: Dodged            |    89 |    19 ||   108

Table legend: (Time is in decaauts)
 A = Elapsed time spent in this place.
 B = Non-inter-level travel time spent in this place.
 C = Inter-level travel time spent in this place.
 D = Time resting spent in this place.
 E = Time spent auto-exploring this place.
 F = Levels seen in this place.
 G = Mean time per level.
                   A        B        C        D        E       F      G
               +--------+--------+--------+--------+--------+-----+--------+
         Total |   3354 |   2969 |    385 |     69 |   2373 |   4 |  838.5 |
       Dungeon |   3354 |   2969 |    385 |     69 |   2373 |   4 |  838.5 |
               +--------+--------+--------+--------+--------+-----+--------+

Top non-repeatable levels by time:
     D:3: 1061 daAuts
     D:2: 1011 daAuts
     D:1: 942 daAuts
     D:4: 339 daAuts
